 Dungeon Crawl Stone Soup version 0.28.0-53-g5a82cb258f (webtiles) character file.

Game seed: 1417566482395286997

395633 Kaptain the Ruinous (level 22, -13/150 (152) HPs)
             Began as a Gargoyle Earth Elementalist on July 12, 2022.
             Shot with a bolt by a vault warden (19 damage)
             ... on level 5 of the Vaults.
             The game lasted 03:00:19 (61760 turns).

Kaptain the Ruinous (Gargoyle Earth Elementalist)  Turns: 61760, Time: 03:00:19

HP:   -13/150 (152) AC: 30    Str: 13    XL:     22   Next: 83%
MP:   35/71         EV: 12    Int: 31    God:
Gold: 3753          SH: 11    Dex: 13    Spells: 13/56 levels left

rFire   + + .      SeeInvis +   t - +10 hand axe of Desperation {freeze, SInv}
rCold   + . .      Faith    .   v - +0 kite shield {reflect}
rNeg    + + .      Spirit   .   M - +0 steam dragon scales
rPois   ∞          Reflect  +   V - +3 hat of Pondering {ponderous, Will+ MP+10 Int+5}
rElec   +          Harm     .   Z - scarf {rC+ rF+}
rCorr   .          Rampage  .   w - +1 pair of gloves "Fedeuch" {+Blink rElec Dex+3 Slay+4}
Will    ++...                   m - +2 pair of boots of the Monkey {Drain rF+ rN+ Slay+5}
Stlth   +++.......              e - amulet of magic regeneration
HPRegen 0.35/turn               x - ring of magical power
MPRegen 0.82/turn               K - ring of magical power

@: corroded, flying, studying Throwing, lightly drained, slow
A: sickness immunity, AC +16, big wings, negative energy resistance 1,
electricity resistance, torment resistance 1, petrification resistance
}: 3/15 runes: decaying, serpentine, silver
a: Evoke Blink


You were on level 5 of the Vaults.
You visited 8 branches of the dungeon, and saw 40 of its levels.
You also visited: Trove, Gauntlet, Ice Cave and Volcano.

You collected 6057 gold pieces.
You spent 2304 gold pieces at shops.

Inventory:

Hand Weapons
 t - the +10 hand axe of Desperation (weapon) {freeze, SInv}
   (You bought it in a shop on level 2 of the Orcish Mines)

   It freezes those it strikes, dealing additional cold damage.
   It can also slow down cold-blooded creatures.
   SInv:      It lets you see invisible.
 Y - the +7 scimitar "Vumig" {flame, rCorr}
   (You found it on level 12 of the Dungeon)

   It burns those it strikes, dealing additional fire damage.
   Big, fiery blades are also staple armaments of hydra-hunters.
   rCorr:     It protects you from acid and corrosion.
Missiles
 c - 1041 stones
Armour
 m - the +2 pair of boots of the Monkey (worn) {Drain rF+ rN+ Slay+5}
   (You found it in a treasure trove)

   Slay:      It affects your accuracy & damage with ranged weapons and melee
   (+5).
   rF:        It protects you from fire.
   rN:        It protects you from negative energy.
   Drain:     It drains your maximum health when unequipped.
 v - a +0 kite shield of reflection (worn)
 w - the +1 pair of gloves "Fedeuch" (worn) {+Blink rElec Dex+3 Slay+4}
   (You acquired it on level 9 of the Dungeon)

   Dex:       It affects your dexterity (+3).
   Slay:      It affects your accuracy & damage with ranged weapons and melee
   (+4).
   rElec:     It insulates you from electricity.
   +Blink:    It lets you blink.
 I - a +2 hat of willpower
 L - a +1 kite shield of cold resistance
 M - +0 steam dragon scales (worn)
 S - +6 pearl dragon scales
 V - the +3 hat of Pondering (worn) {ponderous, Will+ MP+10 Int+5}
   (You took it off Gastronok on level 11 of the Dungeon)

   Int:       It affects your intelligence (+5).
   MP:        It affects your magic capacity (+10).
   Will:      It increases your willpower.
 Z - a scarf of resistance (worn)
Magical Staves
 O - a staff of fire
 U - a staff of earth
Jewellery
 e - an amulet of magic regeneration (around neck)
 l - a ring of see invisible
 x - a ring of magical power (left hand)
 z - the ring "Wadiw" {rElec rF+ rN+ Dex-3}
   (You found it in a Gauntlet)

   [ring of positive energy]

   Dex:       It affects your dexterity (-3).
   rF:        It protects you from fire.
   rElec:     It insulates you from electricity.
   rN:        It protects you from negative energy.
 A - a ring of willpower
 K - a ring of magical power (right hand)
Wands
 a - a wand of digging (18)
 b - a wand of mindburst (17)
 q - a wand of iceblast (53)
 T - a wand of acid (4)
Scrolls
 d - 5 scrolls of summoning
 f - 5 scrolls of magic mapping
 h - 10 scrolls of teleportation
 j - 2 scrolls of fog
 k - a scroll of holy word
 r - a scroll of acquirement
 u - 3 scrolls of fear
 B - 6 scrolls of immolation
 F - 5 scrolls of amnesia
 P - 3 scrolls of blinking
 Q - 4 scrolls of enchant weapon
Potions
 g - 7 potions of resistance
 i - 6 potions of haste
 p - 7 potions of brilliance
 s - a potion of heal wounds
 C - 6 potions of mutation
 E - 22 potions of curing
 G - 5 potions of magic
 H - a potion of cancellation
 J - 6 potions of might
 W - 6 potions of invisibility
 X - 4 potions of ambrosia
Miscellaneous
 n - a phantom mirror
 o - a lightning rod (4/4)
 y - a condenser vane
 N - a tin of tremorstones (2/2)
 R - a phial of floods


   Skills:
 * Level 20.3 Fighting
 + Level 14.7 Armour
 - Level 4.0 Dodging
 - Level 5.0 Stealth
 - Level 10.0 Shields
 * Level 17.5 Spellcasting
 * Level 22.3 Conjurations
 - Level 0.7 Transmutations
 * Level 22.1 Earth Magic


You had 13 spell levels left.
You knew the following spells:

 Your Spells              Type           Power      Damage    Failure   Level
a - Sandblast             Erth           100%       2d20      0%          1
b - Stone Arrow           Conj/Erth      100%       3d13      0%          3
c - Mephitic Cloud        Conj/Pois/Air  65%        N/A       1%          3
d - Lee's Rapid Deconstr  Erth           52%        3d26*     0%          5
e - Fireball              Conj/Fire      38%        3d16      1%          5
f - Blink                 Tloc           54%        N/A       4%          2
g - Shatter               Erth           52%        3d40*     36%         9
h - Iskenderun's Battles  Conj           100%       2d15      0%          5
i - Orb of Destruction    Conj           52%        9d13      1%          7
j - Swiftness             Air            27%        N/A       10%         3

Your spell library contained the following spells:

 Spells                   Type           Power      Damage    Failure   Level
 Magic Dart               Conj           100%       1d8       0%          1
 Searing Ray              Conj           100%       2d8       0%          2
 Shock                    Conj/Air       100%       1d9       1%          1
 Passwall                 Tmut/Erth      65%        N/A       1%          2
 Static Discharge         Conj/Air       77%        N/A       1%          2
 Dazzling Flash           Conj/Hex       100%       N/A       1%          3
 Flame Wave               Conj/Fire      77%        2d14      1%          4
 Fulminant Prism          Conj/Hex       38%        3d18      1%          4
 Iskenderun's Mystic Bla  Conj/Tloc      77%        2d15      1%          4
 Leda's Liquefaction      Hex/Erth       38%        N/A       1%          4
 Petrify                  Tmut/Erth      78%        N/A       1%          4
 Borgnjor's Vile Clutch   Necr/Erth      38%        N/A       1%          5
 Irradiate                Conj/Tmut      39%        3d26      1%          5
 Lightning Bolt           Conj/Air       38%        1d57      1%          5
 Sting                    Tmut/Pois      100%       1d8       2%          1
 Animate Skeleton         Necr           54%        N/A       3%          1
 Slow                     Hex            100%       N/A       3%          1
 Summon Small Mammal      Summ           100%       N/A       3%          1
 Call Imp                 Summ           27%        N/A       4%          2
 Ensorcelled Hibernation  Hex/Ice        54%        N/A       4%          2
 Poisonous Vapours        Pois/Air       54%        N/A       4%          2
 Scorch                   Fire           54%        2d7       4%          2
 Freezing Cloud           Conj/Ice/Air   32%        6-21      4%          5
 Conjure Ball Lightning   Conj/Air       38%        3x3d12    5%          6
 Starburst                Conj/Fire      38%        6d11      5%          6
 Call Canine Familiar     Summ           27%        N/A       10%         3
 Confusing Touch          Hex            27%        N/A       10%         3
 Gell's Gravitas          Tloc           27%        N/A       10%         3
 Inner Flame              Hex/Fire       27%        N/A       10%         3
 Lesser Beckoning         Tloc           27%        N/A       10%         3
 Ozocubu's Armour         Ice            27%        N/A       10%         3
 Summon Guardian Golem    Hex/Summ       27%        N/A       10%         3
 Teleport Other           Tloc           27%        N/A       10%         3
 Tukima's Dance           Hex            27%        N/A       10%         3
 Vampiric Draining        Necr           27%        2d7       10%         3
 Airstrike                Air            13%        N/A       32%         4
 Anguish                  Hex/Necr       13%        N/A       32%         4
 Animate Dead             Necr           13%        N/A       32%         4
 Cause Fear               Hex            13%        N/A       32%         4
 Olgreb's Toxic Radiance  Pois           27%        N/A       32%         4
 Summon Ice Beast         Ice/Summ       27%        N/A       32%         4
 Blade Hands              Tmut           15%        N/A       56%         5
 Yara's Violent Unravell  Hex/Tmut       14%        3d7       61%         5
 Manifold Assault         Tloc           27%        N/A       67%         5
 Metabolic Englaciation   Hex/Ice        13%        N/A       67%         5
 Summon Forest            Summ/Tloc      13%        N/A       67%         5
 Death Channel            Necr           13%        N/A       99%         6
 Simulacrum               Ice/Necr       13%        N/A       99%         6
 Summon Cactus Giant      Summ           13%        N/A       99%         6
 Dragon Form              Tmut           15%        N/A       100%        7
 Enfeeble                 Hex            13%        N/A       100%        7
 Malign Gateway           Summ/Tloc      13%        N/A       100%        7
 Discord                  Hex            13%        N/A       100%        8
 Disjunction              Tloc           13%        N/A       100%        8
 Ignition                 Fire           13%        3d6       100%        8
 Maxwell's Capacitive Co  Air            13%        ∞         100%        8
 Summon Horrible Things   Summ           13%        N/A       100%        8
 Polar Vortex             Ice            13%        N/A       100%        9
 Sublimation of Blood     Necr           Unusable   N/A       N/A         2
 Statue Form              Tmut/Erth      Unusable   N/A       N/A         6

Dungeon Overview and Level Annotations

Branches:
Dungeon (15/15)            Temple (1/1) D:7            Lair (6/6) D:11
  Swamp (4/4) Lair:3        Snake (4/4) Lair:3        Slime (0/5) Lair:5
    Orc (2/2) D:10            Elf (3/3) Orc:2        Vaults (5/5) D:13
  Crypt (0/3) Vaults:3      IceCv (visited)         Volcano (visited)
Gauntlet (visited)
 Depths: D:15

Altars:
Ashenzari
Cheibriados
Dithmenos
Elyvilon
Fedhas
Gozag
Hepliaklqana
Kikubaaqudgha
Makhleb
Nemelex Xobeh
Okawaru
Qazlal
Ru
Sif Muna
Trog
Uskayaw
Vehumet
Wu Jian
Xom
Yredelemnul
Zin
The Shining One
Beogh

Shops:
D:10 [   Orc:2 !:?([(   Elf:1 *   Elf:3 =   Vaults:2 (   Vaults:3 (
Vaults:5 *

Annotations:
D:4 2 transporters, aloneDruid's ghost, amateur DgHu
Vaults:5 Mara


Innate Abilities, Weirdness & Mutations

You are immune to sickness and miasma.
Your stone body is resilient. (AC +16)
You are immune to poison.
Your large and strong wings let you fly.
You resist negative energy. (rN+)
You are resistant to electric shocks. (rElec)
You are resistant to unholy torment.
You are immune to petrification.


Message History

Casting: Stone Arrow (safe; 0% risk of failure)
Confirm with . or Enter, or press ? or * to list all spells.
Aiming: Stone Arrow (safe; 0% risk of failure)
Press: ? - help, Shift-Dir - straight line, f/p - tengu reaver
Aim: a tengu reaver, wielding a +0 bardiche and wearing a +0 ring mail (moderately wounded, 61% to hit)
The stone arrow hits the tengu reaver!
The tengu reaver is heavily wounded.
The tengu reaver hits you from afar with a +0 bardiche!
* * * LOW HITPOINT WARNING * * *
The tengu reaver casts a spell at you. The bolt of negative energy hits you.
You partially resist.
You feel drained.
* * * LOW HITPOINT WARNING * * *
Unknown command.
You feel much better.
The tengu reaver hits you from afar with a +0 bardiche!!
* * * LOW HITPOINT WARNING * * *
The tengu reaver casts a spell at you.
The bolt of poison hits you but does no damage.
You resist.
Unknown command.
Unknown command.
Casting: Stone Arrow (safe; 0% risk of failure)
Confirm with . or Enter, or press ? or * to list all spells.
Aiming: Lee's Rapid Deconstruction (safe; 0% risk of failure)
Press: ? - help, Dir - move target, p - tengu reaver A heavily etched metal wall.
The metal wall shatters!
The blast of metal fragments hits the tengu reaver!!!
The tengu reaver is heavily wounded.
The blast of metal fragments hits the tengu reaver!!
The tengu reaver is almost dead.
The blast of metal fragments hits the yaktaur!!!
You kill the yaktaur!
You hear a shout! x4; You hear a horrible gurgling sound!
The tengu reaver hits you from afar with a +0 bardiche!!
* * * LOW HITPOINT WARNING * * *
The vault warden unwields a +1 vorpal war axe.
The vault warden wields a +0 arbalest.
The vault warden shoots a bolt.
The bolt hits you!!
You die...

p#.# #.# ...#
#.. .# # .# .#
... ..# #.# #..#
.# ....# #####
###########....#
.....
p......@QQ)....#
.....
........C......#
#####
################


You could see a stone giant, a vault warden and 2 tengu reavers.

Vanquished Creatures
  Vashnia (Snake:2)
  Saint Roka (Snake:4)
  The ghost of heteroy the Petrodigitator, a veteran GrEE of Vehumet (Vaults:3)
  The ghost of Lianjan the Hasty, an adept GnWr of Cheibriados (Vaults:3)
  Mlioglotl (Swamp:4)
  A deep elf blademaster (Elf:2)
  Asterion (Elf:2)
  A deep elf master archer (Elf:3)
  Gastronok (D:11)
  6 sphinxes
  Frances (Snake:1)
  A shadow dragon (Vaults:4)
  5 nagarajas
  A thorn hunter (Swamp:4)
  A tengu reaver (Vaults:1)
  Donald (Snake:1)
  Roxanne (Swamp:1)
  3 fire giants
  A storm dragon (D:13)
  A fenstrider witch (Swamp:3)
  Louise (Snake:1)
  A frost giant (Vaults:4)
  8 deep elf sorcerers
  Aizul (Snake:4)
  11 vault wardens
  4 orc warlords
  4 deep elf elementalists
  17 ironbound preservers
  15 very ugly things
  The ghost of kalagan the Eclecticist, an adept DECj of Sif Muna (Elf:2)
  4 stone giants
  5 war gargoyles
  A quicksilver ooze (shapeshifter) (D:13)
  6 ironbound thunderhulks
  7 eleionomae
  2 bunyips
  5 deep elf demonologists (Elf:3)
  2 entropy weavers
  A minotaur (Gauntlet)
  11 deep elf annihilators
  12 dire elephants
  3 deep elf death magi
  A fire dragon (Lair:6)
  A crystal guardian (Vaults:4)
  An ettin (Orc:1)
  12 yaktaur captains
  2 merfolk impalers (D:12)
  4 deep elf high priests
  2 great orbs of eyes
  A quicksilver dragon skeleton (Vaults:3)
  11 vault guards
  12 naga warriors
  The ghost of corvin the Basher, a journeyman DgWn (D:12)
  28 hydras
  3 peacekeepers
  14 anacondas
  2 ghost crabs
  5 ironbound frosthearts
  5 salamander tyrants
  13 alligators
  An ice dragon (IceCv)
  10 boulder beetles
  14 centaur warriors
  2 ogre magi
  A catoblepas (D:13)
  25 dancing weapons
  2 tengu warriors
  7 two-headed ogres
  2 spriggan berserkers
  18 naga sharpshooters
  2 orc high priests (Orc:2)
  Nergalle (D:10)
  9 shock serpents
  17 deep elf knights
  A fire crab (Lair:6)
  5 salamander mystics
  3 goliath frogs (Swamp:2)
  2 sea snakes (Snake:4)
  43 deep trolls
  6 skeletal warriors
  2 orange crystal statues (Elf:2)
  6 deep elf archers
  10 naga ritualists
  5 bog bodies
  4 spriggan druids
  12 swamp dragons
  Pikel (D:4)
  14 ironbound convokers
  4 harpies (Vaults:2)
  2 phantasmal warriors
  6 lindwurms
  25 deep elf zephyrmancers
  3 necromancers
  8 wizards
  4 orc sorcerers
  26 deep elf pyromancers
  7 mana vipers
  3 orc knights
  20 salamanders
  21 ugly things
  A manticore (D:13)
  5 cyclopes
  An eye of devastation (shapeshifter) (Vaults:4)
  3 guardian serpents
  17 vault sentinels
  11 elephants
  18 naga magi
  49 black mambas
  6 molten gargoyles
  2 ice statues (IceCv)
  2 gargoyles
  5 torpor snails (Lair:1)
  An elf skeleton (Vaults:4)
  4 unseen horrors
  15 cane toads
  A yaktaur zombie (Vaults:4)
  6 rime drakes
  12 komodo dragons
  Maggie (D:7)
  2 freezing wraiths
  35 yaktaurs
  3 efreet
  A tengu conjurer (D:14)
  7 tyrant leeches
  A meliai (shapeshifter) (D:13)
  2 bloated husks
  4 polar bears
  4 meliai (D:13)
  7 hornets
  6 trolls
  13 slime creatures
  A tarantella (Vaults:3)
  3 blink frogs (Lair:2)
  7 dream sheep (Lair:6)
  A centaur simulacrum (D:13)
  An ettin skeleton (Vaults:4)
  9 spriggans
  4 ynoxinuls (Trove)
  7 water elementals
  5 air elementals
  33 yaks
  A vampire (D:13)
  7 wyverns
  7 humans (D:13)
  2 wraiths
  7 basilisks
  4 fire elementals
  A golden eye (shapeshifter) (D:13)
  2 redbacks (Vaults:3)
  4 steam dragons
  21 vampire mosquitoes
  An ogre zombie (Vaults:3)
  Edmund (D:4)
  3 wargs
  A yaktaur simulacrum (Vaults:2)
  11 water moccasins
  5 hell hounds
  18 swamp worms
  2 acid dragons (D:12)
  47 nagas
  An ice beast (Vaults:1)
  2 human zombies
  12 swamp drakes
  A necrophage (D:6)
  6 black bears
  33 orc warriors
  4 sky beasts
  9 ogres
  A phantom (D:5)
  16 wolves
  2 lemures
  10 centaurs
  3 kobold brigands
  10 bullfrogs
  A wyvern zombie (D:5)
  5 earth elementals
  3 scorpions
  2 water moccasin skeletons
  18 killer bees (D:9)
  4 lindwurm simulacra (IceCv)
  5 wights (D:8)
  2 howler monkeys
  13 electric eels
  5 lava snakes (Lair:6)
  2 centaur zombies
  A bullfrog zombie (D:5)
  4 jellies
  8 komodo dragon simulacra (IceCv)
  4 hounds
  17 orc priests
  Crazy Yiuf (D:7)
  A bullfrog skeleton (D:5)
  Ijyb (D:3)
  6 iguanas
  24 orc wizards
  4 polar bear simulacra (Lair:2)
  2 yak simulacra (Lair:2)
  2 wolf simulacra (Lair:2)
  A killer bee zombie (D:7)
  A howler monkey zombie (D:9)
  Robin (D:3)
  5 acid dragon simulacra (IceCv)
  7 adders
  A shadow imp (D:7)
  4 steam dragon simulacra (IceCv)
  3 adder skeletons (D:4)
  4 worms
  2 dart slugs (D:5)
  106 orcs
  7 ball pythons
  8 endoplasms
  A giant cockroach (D:4)
  13 goblins
  9 hobgoblins
  10 jackals
  2 quokkas
  4 bats
  3 frilled lizards
  A jackal skeleton (D:4)
  25 kobolds
  6 rats
  3 river rat simulacra (Lair:2)
  A briar patch (Swamp:4)
  3 fire vortices (Volcano)
  2 pillars of salt (Vaults:2)
1564 creatures vanquished.

Vanquished Creatures (others)
  A vault guard (D:13)
  A guardian serpent (Snake:4)
  A bloated husk (Swamp:1)
  3 yaks (D:11)
  A sky beast (D:12)
  A centaur (D:11)
  A gnoll sergeant (D:11)
  An orc wizard (D:11)
  An orc (Orc:2)
  A briar patch (Swamp:4)
  14 fulminant prisms
  28 fungi
  94 plants
148 creatures vanquished.

Grand Total: 1712 creatures vanquished

Notes
Turn   | Place    | Note
-------+----------+-------------------------------------------
     0 | D:1      | Kaptain the Gargoyle Earth Elementalist began the quest for
                  | the Orb.
     0 | D:1      | Reached XP level 1. HP: 10/10 MP: 3/3
    82 | D:1      | Reached XP level 2. HP: 5/16 MP: 3/5
   551 | D:1      | Reached skill level 1 in Conjurations
   654 | D:1      | Reached skill level 1 in Fighting
   669 | D:1      | Reached XP level 3. HP: 20/20 MP: 4/6
   673 | D:1      | Learned a level 3 spell: Stone Arrow
  1167 | D:1      | Found a faded altar of an unknown god.
  1466 | D:2      | Reached skill level 1 in Armour
  1793 | D:2      | Reached XP level 4. HP: 22/25 MP: 2/7
  2189 | D:2      | Identified the +6 hand axe of Woemue Figa {drain, Str+4}
  2291 | D:3      | Noticed Robin
  2299 | D:3      | Killed Robin
  2439 | D:3      | Reached XP level 5. HP: 30/30 MP: 9/9
  2783 | D:3      | Noticed Ijyb
  2792 | D:3      | Killed Ijyb
  3432 | D:4      | Noticed a black bear
  3482 | D:3      | Killed a black bear
  3483 | D:3      | Reached XP level 6. HP: 27/36 MP: 1/10
  3598 | D:3      | Reached skill level 5 in Earth Magic
  4038 | D:4      | Noticed Pikel
  4065 | D:4      | Paralysed by Pikel for 4 turns
  4458 | D:4      | Reached XP level 7. HP: 41/41 MP: 6/12
  4490 | D:4      | Found a transporter.
  4493 | D:4      | Noticed aloneDruid's ghost (amateur DgHu)
  4494 | D:4      | Found a transporter.
  4540 | D:4      | Noticed Edmund
  4551 | D:4      | Killed Edmund
  4616 | D:4      | Paralysed by Pikel for 5 turns
  4622 | D:4      | Killed Pikel
  4623 | D:4      | Reached XP level 8. HP: 26/48 MP: 2/14
  4972 | D:5      | Entered Level 5 of the Dungeon
  5033 | D:5      | Found a blossoming altar of Fedhas.
  5078 | D:5      | Found an iron altar of Okawaru.
  5268 | D:5      | Reached skill level 5 in Fighting
  5268 | D:5      | Reached skill level 5 in Conjurations
  5437 | D:5      | Reached XP level 9. HP: 54/54 MP: 10/16
  5822 | D:5      | Found a burning altar of Makhleb.
  5834 | D:5      | Reached skill level 5 in Spellcasting
  5855 | D:5      | Found a broken altar of Ashenzari.
  6141 | D:6      | Identified the +8 mace of Courage {freeze, rC- Will+ Dex+4}
  6257 | D:6      | Reached skill level 5 in Stealth
  6790 | D:7      | Noticed Maggie
  6801 | D:7      | Killed Maggie
  6935 | D:7      | Found a staircase to the Ecumenical Temple.
  6951 | Temple   | Entered the Ecumenical Temple
  7266 | D:7      | Found a glowing silver altar of Zin.
  7379 | D:7      | Reached XP level 10. HP: 57/61 MP: 9/19
  7541 | D:7      | Found a runed translucent door.
  7542 | D:7      | Noticed Crazy Yiuf
  7546 | D:7      | Killed Crazy Yiuf
  7739 | D:8      | Identified the +1 robe of Day {Harm rF+ Will- Str+2}
  8343 | D:8      | Reached skill level 5 in Armour
  9447 | D:9      | Identified a scroll of acquirement
 10112 | D:10     | Entered Level 10 of the Dungeon
 10112 | D:10     | Noticed Nergalle
 10120 | D:10     | Killed Nergalle
 10554 | D:10     | Found Biell's Armour Shop.
 10554 | D:10     | Found a staircase to the Orcish Mines.
 10647 | D:10     | Reached XP level 11. HP: 59/68 MP: 14/21
 10899 | D:10     | Found a shimmering altar of Xom.
 11060 | D:11     | Found a gate leading to a gauntlet.
 11069 | Gauntlet | Entered a Gauntlet
 11069 | Gauntlet | Found a transporter.
 11070 | Gauntlet | Noticed a sixfirhy
 11070 | Gauntlet | Noticed a sixfirhy
 11072 | Gauntlet | Noticed a sixfirhy
 11072 | Gauntlet | Noticed a sixfirhy
 11077 | Gauntlet | Found a runed translucent gate.
 11078 | Gauntlet | Found a transporter.
 11078 | Gauntlet | Found a runed translucent gate.
 11079 | Gauntlet | Found a runed translucent gate.
 11081 | Gauntlet | Found the +3 pair of seven-league boots {Rampage+∞}
 11090 | Gauntlet | Found a transporter.
 11094 | Gauntlet | Found a transporter.
 11114 | Gauntlet | Found a transporter.
 11127 | Gauntlet | Found a transporter.
 11136 | Gauntlet | Noticed a fire crab
 11140 | Gauntlet | Found a transporter.
 11160 | Gauntlet | Found a transporter.
 11164 | Gauntlet | Found a transporter.
 11164 | Gauntlet | Noticed a seven-headed hydra
 11172 | Gauntlet | Found a transporter.
 11195 | Gauntlet | Found a transporter.
 11196 | Gauntlet | Found a transporter.
 11289 | Gauntlet | Acquired the +1 pair of gloves "Fedeuch" {+Blink rElec
                  | Dex+3 Slay+4}
 11343 | Gauntlet | Killed a seven-headed hydra
 11344 | Gauntlet | Reached skill level 10 in Earth Magic
 11629 | Gauntlet | Identified the ring "Wadiw" {rElec rF+ rN+ Dex-3}
 11734 | Gauntlet | Noticed a minotaur
 11741 | Gauntlet | Killed a minotaur
 11961 | Gauntlet | Got Sodonk's Guide on Evil and the Glacier
 12196 | D:11     | Noticed a skeletal warrior
 12196 | D:11     | Noticed a skeletal warrior
 12197 | D:11     | Noticed a skeletal warrior
 12201 | D:11     | Noticed a skeletal warrior
 12400 | D:11     | Noticed a skeletal warrior
 12401 | D:11     | Noticed a skeletal warrior
 12423 | D:11     | Killed a skeletal warrior
 12424 | D:11     | Reached skill level 1 in Shields
 12525 | D:11     | Killed a skeletal warrior
 12750 | D:11     | Noticed a skeletal warrior
 12751 | D:11     | Noticed a skeletal warrior
 12751 | D:11     | Noticed a skeletal warrior
 12770 | D:11     | Killed a skeletal warrior
 12827 | D:10     | Killed a skeletal warrior
 13043 | D:11     | Killed a skeletal warrior
 13383 | D:11     | Noticed a two-headed ogre
 13401 | D:11     | Killed a skeletal warrior
 13402 | D:11     | Reached XP level 12. HP: 76/76 MP: 18/24
 13495 | D:11     | Noticed a two-headed ogre
 13500 | D:11     | Killed a two-headed ogre
 13544 | D:11     | Noticed Gastronok
 13686 | D:11     | Killed Gastronok
 13747 | D:11     | Noticed a two-headed ogre
 13755 | D:11     | Killed a two-headed ogre
 13756 | D:11     | Reached skill level 10 in Conjurations
 13776 | D:11     | Found a staircase to the Lair.
 13793 | D:11     | Found a shimmering altar of Xom.
 13797 | D:11     | Noticed an eight-headed hydra
 13803 | D:11     | Killed an eight-headed hydra
 13804 | D:11     | Reached skill level 10 in Fighting
 13882 | D:11     | Killed a two-headed ogre
 13933 | D:11     | Found a portal to a secret trove of treasure.
 14097 | Lair:1   | Entered Level 1 of the Lair of Beasts
 14309 | Lair:1   | Found a frozen archway.
 14326 | IceCv    | Entered an ice cave
 15021 | IceCv    | Noticed an ice dragon
 15045 | IceCv    | Killed an ice dragon
 15469 | Lair:1   | Learned a level 3 spell: Mephitic Cloud
 15586 | Lair:1   | Found a snail-covered altar of Cheibriados.
 15599 | Lair:1   | Reached XP level 13. HP: 73/83 MP: 23/26
 16077 | Lair:2   | Found a dark tunnel.
 16097 | Volcano  | Entered a volcano
 17055 | Lair:2   | Found an ancient bone altar of Kikubaaqudgha.
 17178 | Lair:2   | Reached skill level 5 in Shields
 17393 | Lair:2   | Reached skill level 10 in Spellcasting
 18144 | Lair:3   | Found a staircase to the Snake Pit.
 18802 | Lair:3   | Gained mutation: Your large and strong wings let you fly.
                  | [Gargoyle growth]
 18802 | Lair:3   | Reached XP level 14. HP: 71/91 MP: 28/28
 19120 | Lair:3   | Found a staircase to the Swamp.
 20696 | Lair:5   | Found a staircase to the Slime Pits.
 21533 | Lair:6   | Entered Level 6 of the Lair of Beasts
 23076 | Lair:6   | Found a large runed translucent door.
 23077 | Lair:6   | Found a large runed translucent door.
 23538 | D:11     | You paid a toll of +4 fire dragon scales to enter a
                  | treasure trove
 23539 | Trove    | Entered a treasure trove
 23768 | Trove    | Identified the +1 scale mail "Vuezxuhi" {rElec}
 23777 | Trove    | Identified the +9 glaive of Negisk {flame, *Slow rElec
                  | Int+10 Dex+3}
 23782 | Trove    | Identified the +2 pair of boots of the Monkey {Drain rF+
                  | rN+ Slay+5}
 24064 | Swamp:1  | Entered Level 1 of the Swamp
 24064 | Swamp:1  | Noticed an eleionoma
 24064 | Swamp:1  | Noticed an eleionoma
 24064 | Swamp:1  | Noticed Roxanne
 24086 | Lair:3   | Killed an eleionoma
 24412 | Orc:1    | Entered Level 1 of the Orcish Mines
 24553 | Orc:1    | Reached XP level 15. HP: 47/98 MP: 14/30
 24713 | Orc:1    | Noticed an orc warlord
 24790 | Orc:1    | Killed an orc warlord
 25232 | Orc:2    | Entered Level 2 of the Orcish Mines
 25483 | Orc:2    | Found Kafos's Self-Improvement Boutique.
 25488 | Orc:2    | Found a staircase to the Elven Halls.
 25492 | Orc:2    | Bought a manual of Conjurations for 800 gold pieces
 25631 | Orc:2    | Found Ucotapn's Weapon Shoppe.
 25695 | Orc:2    | Noticed an orc warlord
 25724 | Orc:1    | Killed an orc warlord
 26139 | Orc:2    | Found Hipog's Antique Weapon Shoppe.
 26140 | Orc:2    | Found Gauxeha's Antique Armour Emporium.
 26582 | Orc:2    | Found Voucs's Distillery.
 26587 | Orc:2    | Bought a potion of curing for 39 gold pieces
 26587 | Orc:2    | Bought a potion of invisibility for 104 gold pieces
 26796 | Orc:2    | Found Ileacagh's Magic Scroll Shop.
 26801 | Orc:2    | Bought a scroll of enchant armour for 127 gold pieces
 26801 | Orc:2    | Bought a scroll of enchant armour for 127 gold pieces
 27045 | Snake:1  | Entered Level 1 of the Snake Pit
 27105 | Snake:1  | Noticed Frances
 27486 | Snake:1  | Killed Frances
 27487 | Snake:1  | Reached skill level 15 in Earth Magic
 27983 | Snake:1  | HP: 4/99 [constriction (1)]
 28646 | Snake:1  | Learned a level 4 spell: Fulminant Prism
 28710 | Snake:1  | Noticed Louise
 28905 | Snake:1  | Killed Louise
 29133 | Snake:1  | Noticed Donald
 29405 | Snake:1  | Killed Donald
 29538 | Snake:1  | Acquired 370 gold pieces
 29610 | Snake:1  | Reached skill level 10 in Armour
 30019 | Snake:2  | Found a sacrificial altar of Ru.
 30132 | Snake:2  | Reached XP level 16. HP: 72/106 MP: 21/32
 30370 | Snake:2  | Reached skill level 15 in Conjurations
 31203 | Snake:2  | Noticed Vashnia
 31475 | Snake:2  | Killed Vashnia
 32634 | Snake:3  | Learned a level 5 spell: Lee's Rapid Deconstruction
 32703 | Snake:3  | Learned a level 5 spell: Lee's Rapid Deconstruction
 33429 | Snake:3  | Noticed a nagaraja
 33440 | Snake:3  | Killed a nagaraja
 33623 | Snake:3  | Found a glowing golden altar of the Shining One.
 33938 | Snake:4  | Entered Level 4 of the Snake Pit
 34075 | Snake:4  | Reached skill level 15 in Fighting
 34342 | Snake:4  | Learned a level 5 spell: Fireball
 34368 | Snake:4  | Reached XP level 17. HP: 113/113 MP: 30/34
 35035 | Snake:4  | Noticed Saint Roka
 35416 | Snake:4  | Killed Saint Roka
 35698 | Snake:4  | Noticed Aizul
 35703 | Snake:4  | Killed Aizul
 36860 | Snake:4  | Got a serpentine rune of Zot
 37662 | Swamp:1  | Killed Roxanne
 38803 | Swamp:2  | Reached XP level 18. HP: 105/120 MP: 35/35
 39192 | Swamp:2  | Learned a level 2 spell: Blink
 39782 | Swamp:3  | Got the Volume of the Freezing Rocks
 40473 | Swamp:3  | Learned a level 9 spell: Shatter
 40486 | Swamp:4  | Entered Level 4 of the Swamp
 40554 | Swamp:4  | Reached skill level 10 in Shields
 41836 | Swamp:4  | Noticed Mlioglotl
 42825 | Swamp:4  | Killed Mlioglotl
 43125 | Swamp:4  | Got a decaying rune of Zot
 43469 | Orc:2    | Bought the +10 hand axe of Desperation {freeze, SInv} for
                  | 932 gold pieces
 43716 | D:12     | Identified the +7 scimitar "Vumig" {flame, rCorr}
 44144 | D:12     | Found a runed translucent gate.
 44145 | D:12     | Found a runed translucent gate.
 44145 | D:12     | Found a runed translucent gate.
 44148 | D:12     | Noticed corvin's ghost (journeyman DgWn)
 44149 | D:12     | Found an iron altar of Okawaru.
 44165 | D:12     | Killed corvin's ghost
 44762 | D:13     | Reached XP level 19. HP: 127/127 MP: 37/37
 45117 | D:13     | You are sucked into a shaft and drop 2 floors!
 45117 | D:15     | Entered Level 15 of the Dungeon
 45219 | D:15     | Acquired 351 gold pieces
 46982 | D:13     | Learned a level 5 spell: Iskenderun's Battlesphere
 46990 | D:13     | Learned a level 7 spell: Orb of Destruction
 46994 | D:13     | Learned a level 3 spell: Swiftness
 47231 | D:13     | Found a gate to the Vaults.
 47239 | D:13     | Identified the +12 great sword of Defilement {freeze, SInv}
 47242 | D:13     | Found the +10 dark maul {vorpal}
 47439 | Elf:1    | Entered Level 1 of the Elven Halls
 47442 | Elf:1    | Paralysed by an air elemental for 1 turns
 47448 | Elf:1    | Paralysed by an air elemental for 1 turns
 47452 | Elf:1    | Paralysed by an air elemental for 1 turns
 47857 | Elf:1    | Reached skill level 15 in Spellcasting
 47984 | Elf:1    | Found Lexkexzi's Assorted Antiques.
 48009 | Elf:1    | Bought a potion of heal wounds for 175 gold pieces
 48416 | Elf:1    | Got the Collected Works on Creative Conjuration
 48645 | Elf:1    | Found an ancient bone altar of Kikubaaqudgha.
 48950 | Elf:2    | Identified the +2 longbow of World Downfall {freeze, Int+5
                  | Dex-5}
 49264 | Elf:2    | Found a runed translucent gate.
 49264 | Elf:2    | Found a runed translucent gate.
 49266 | Elf:2    | Found a runed translucent gate.
 49364 | Elf:2    | Found a large runed translucent door.
 49364 | Elf:2    | Found a large runed translucent door.
 49367 | Elf:2    | Noticed kalagan's ghost (adept DECj)
 49379 | Elf:2    | Killed kalagan's ghost
 49612 | Elf:2    | Reached XP level 20. HP: 136/136 MP: 39/39
 49828 | Elf:2    | Noticed Asterion
 49833 | Elf:2    | Killed Asterion
 50174 | Elf:3    | Entered Level 3 of the Elven Halls
 50779 | Elf:3    | Identified the +7 glaive of Dissolution {vorpal, Dex+4}
 50782 | Elf:3    | Paralysed by an air elemental for 1 turns
 51149 | Elf:3    | Found Ikyor's Jewellery Boutique.
 51317 | Elf:3    | Identified the +7 morningstar of Tartarus {holy, *Noise
                  | rPois rC+ Int+3}
 51317 | Elf:3    | Identified the ring "Nounnium" {Will+ AC+4}
 51340 | Elf:3    | Noticed a Tzitzimitl
 51392 | Elf:3    | Identified the ring of Huen {Ice rCorr Stlth+}
 51798 | Elf:3    | Identified the +7 whip of Causality {distort, rC+ Str+2
                  | Dex+4}
 52091 | Elf:3    | Identified the ring "Tizoud" {Fly rPois}
 52741 | Vaults:1 | Entered Level 1 of the Vaults
 52771 | Vaults:1 | HP: 2/137 [dire elephant (13)]
 54536 | Vaults:1 | Reached XP level 21. HP: 94/142 MP: 7/41
 55670 | Vaults:2 | Found a crumbling gateway.
 55684 | Vaults:2 | Found Zuomn's Weapon Boutique.
 58251 | Vaults:3 | Found a staircase to the Crypt.
 58251 | Vaults:3 | Found an ancient bone altar of Kikubaaqudgha.
 58252 | Vaults:3 | Found a basalt altar of Yredelemnul.
 58333 | Vaults:3 | Noticed heteroy's ghost (veteran GrEE)
 58334 | Vaults:3 | Found a large runed translucent door.
 58335 | Vaults:3 | Found a large runed translucent door.
 58693 | Vaults:3 | Reached XP level 22. HP: 150/150 MP: 38/42
 59139 | Vaults:3 | Found Zouluafa's Antique Weapon Boutique.
 59251 | Vaults:3 | Noticed Lianjan's ghost (adept GnWr)
 59463 | Vaults:3 | Killed Lianjan's ghost
 59463 | Vaults:3 | Killed heteroy's ghost
 59775 | Vaults:3 | Identified the +2 pair of boots of Infinity {Contam rElec
                  | rF+ Slay+3}
 61660 | Vaults:5 | Entered Level 5 of the Vaults
 61660 | Vaults:5 | Noticed Mara
 61663 | Vaults:5 | Noticed Kaptain's illusion
 61715 | Vaults:5 | Found Caub's General Store.
 61722 | Vaults:5 | Noticed a golden dragon
 61723 | Vaults:5 | Got a silver rune of Zot
 61760 | Vaults:5 | HP: 6/150 [tengu reaver/+0 bardiche (18)]
 61760 | Vaults:5 | Shot with a bolt by a vault warden

Illustrated notes

Levels and vault maps discovered:
D:1:      heliophobic_arrival_enchanted_forest, layout_basic,
          chequers_ecumenical_altar_twisty, grunt_decor_clamped
D:2:      layout_rooms
D:3:      layout_basic, minmay_misc_feat_alley, uniq_robin, uniq_ijyb
D:4:      layout_rooms, gammafunk_ghost_mausoleum, kennysheep_diamond,
          uniq_pikel, uniq_edmund
D:5:      layout_loops_ring, nicolae_overflow_quartered_altars,
          hangedman_decor_peaks_small, minmay_misc_feat_more_columns
D:6:      layout_rooms, chequers_serial_rivers_small_a
D:7:      layout_basic, kennysheep_mini_moat, minmay_temple_entry_sparse_star,
          uniq_crazy_yiuf_cottage, uniq_maggie
D:8:      layout_loops_ring
D:9:      layout_grid_maze, eino_jars
D:10:     layout_gridville, mainiacjoe_overflow_alcove_1, orc_david_3,
          nicolae_figureground_sparkle, uniq_nergalle
D:11:     layout_basic, david_lair_generic, gauntlet_entry_generic,
          nicolae_trove_entry_diagonal, xom_confusion_cloud, uniq_gastronok
D:12:     layout_loops_ring, serial_bayou, serial_bayou_lagoon_b,
          serial_bayou_pond_d, serial_bayou_pond_c, serial_bayou_lake_a,
          gammafunk_ghost_fury_of_okawaru, hangedman_misty_isle
D:13:     evilmike_diamond_1, layout_cave_pools, ximxim_vaults_locker_room
D:14:     layout_basic, hex_tiny
D:15:     hangedman_depths_entry_civil_slaughter, layout_small_grid,
          ashenzari_altar_1, nicolae_tso_carved_into_rock
Temple:   eino_temple_rhombus
Lair:1:   layout_chaotic_city, portal_ice_cave_entry_pillars_1,
          kennysheep_snail_temple
Lair:2:   layout_chaotic_city, nicolae_volcano_entry_two_sided, basic_altar,
          eino_house_with_fridge, grunt_megastairs_4,
          infiniplex_staircase_pool_2
Lair:3:   layout_loops_ring, palyth_hydra_swamp_entry,
          minmay_snake_entry_six_corridors, minivault_24
Lair:4:   layout_misc_corridors, forest_entry_grove
Lair:5:   layout_roguey, minmay_slime_entry_pillars, serial_bayou_shore_b,
          grunt_megastairs_5
Lair:6:   cheibrodos_lair_end_hotspot, layout_regular_city
Swamp:1:  layout_basic_swamp, evilmike_swamp_ruin_rubble_1, uniq_roxanne
Swamp:2:  layout_basic_swamp, evilmike_swamp_ruin_house_5, swamp_pool4
Swamp:3:  layout_basic_swamp, evilmike_swamp_ruin_house_3, swamp_pool1
Swamp:4:  swamp_basic_johnstein, layout_basic_swamp, swamp_pool2, uniq_mlioglotl
Snake:1:  hangedman_cross_stitches, layout_rooms, uniq_donald, uniq_frances,
          uniq_louise
Snake:2:  layout_misc_corridors, basic_altar, drop_trap, grunt_ministairs_10,
          uniq_vashnia
Snake:3:  layout_chambers, basic_altar, grunt_megastairs_2
Snake:4:  johnstein_snake_rune_scales, layout_onion, st_stairs_6,
          lemuel_fruit_tree, grunt_megastairs_1, serial_bayou_shore_a,
          uniq_aizul, uniq_saint_roka
Orc:1:    cheibrodos_orc_arena, layout_diamond_mine, rock_pile, uniq_harold
Orc:2:    grunt_orc_community_town_hall, layout_caves,
          grunt_orc_community_big_house_2, grunt_orc_community_big_house_2,
          grunt_orc_community_house_3, grunt_orc_community_house_3,
          grunt_orc_community_house_3, grunt_orc_community_house_2,
          grunt_orc_community_house_2, serial_shops, shop,
          nicolae_shop_self_help
Elf:1:    nicolae_elf_arrival_aired_out, layout_loops_corners, basic_altar,
          serial_shops, nicolae_shop_window_shopping, minmay_elf_sorcery,
          st_stairs_13, due_unseen_surprise
Elf:2:    elven_hall_of_blades_hangedman_original [grunt_blade_entry_basic],
          layout_gridlike, ebering_ghost_disaster_area,
          nicolae_elf_glass_and_crystal_pillar_2, minivault_15, minivault_16,
          uniq_asterion
Elf:3:    minmay_elf_hall_curves, layout_onion_city, serial_shops, shop,
          minmay_misc_feat_ornament, nicolae_elf_crossing_hall
Vaults:1: serial_ice_m, v_misc_10, ontoclasm_vaults_loading_screen,
          vaults_room_fancy_cross, hangedman_vaults_nodes, st_check,
          hangedman_vaults_trim, v_misc_31, ontoclasm_vaults_claustrophobia,
          hangedman_vaults_stream, grunt_vaults_focal,
          nicolae_vaults_three_branches, nicolae_vaults_theta,
          hangedman_vaults_stretched_pinwheel, layout_vaults_ring
Vaults:2: portal_desolation_entry_garden, vaults_room_guarded_vault,
          vaults_room_large_hall, nicolae_vaults_network_square, v_misc_23,
          nicolae_vaults_yaktaur_gun_rack, v_misc_10, ontoclasm_vaults_fault,
          v_misc_12, vaults_mumra_chevron_long, v_alt_pattern_1,
          hangedman_vaults_river_flow, vaults_room_fours, serial_ice_b,
          vaults_room_pool, layout_vaults_big_cross, serial_shops, shop
Vaults:3: advil_vaults_ghost_guards, minmay_crypt_entry_necro_gods,
          vaults_standard_mumra_x, v_rooms_5, nicolae_vaults_mini_display_case,
          nicolae_vaults_ninety_degrees, ontoclasm_vaults_idyll,
          hangedman_vaults_snaps, vaults_room_fours, vaults_room_pools,
          vaults_room_semicircle, layout_vaults_omnibox, serial_shops,
          nicolae_shop_window_shopping
Vaults:4: v_rooms_1, v_misc_27, v_alt_pattern_2, vaults_room_door_hall,
          hangedman_vaults_unwind, hangedman_vaults_slither,
          nicolae_vaults_inception_scallops, v_misc_14, kb_rosetta,
          vaults_room_stairs_pillars, vaults_room_pools, layout_vaults_maze
Vaults:5: uniq_mara

Skill      XL: |  1  2  3  4  5  6  7  8  9 10 11 12 13 14 15 16 17 18 19 20 21 22 |
---------------+-------------------------------------------------------------------+-----
Conjurations   | 1 2 3 4 5 6 8 9 10 11 13 14 16 18 19 20 21 22 | 22.3
Fighting       | 1 2 3 4 5 6 8 9 10 11 13 14 15 16 17 18 19 20 | 20.3
Earth Magic    | 4 5 6 8 9 11 12 13 14 15 16 17 18 19 20 21 22 | 22.1
Armour         | 1 2 3 4 5 6 7 8 9 10 11 12 13 14 | 14.7
Stealth        | 3 4 5 |  5.0
Spellcasting   | 3 4 6 7 8 9 10 11 12 13 14 15 16 17 | 17.5
Shields        | 2 4 5 6 7 8 9 10 | 10.0
Dodging        | 2 3 4 |  4.0
Transmutations | |  0.7

Action                   |  1- 3 |  4- 6 |  7- 9 | 10-12 | 13-15 | 16-18 | 19-21 | 22-24 || total
-------------------------+-------+-------+-------+-------+-------+-------+-------+-------++-------
Melee: Dagger            |    49 |    14 |       |       |       |       |       |       ||    63
       Short sword       |    11 |       |       |       |       |       |       |       ||    11
       Hand axe          |       |    84 |    26 |    61 |    37 |     6 |    40 |    16 ||   270
       Punch             |       |       |     2 |       |       |       |       |       ||     2
 Cast: Sandblast         |    31 |    15 |     9 |    59 |    57 |    43 |    13 |       ||   227
       Stone Arrow       |       |    32 |   112 |   317 |   948 |   930 |   237 |    22 ||  2598
       Mephitic Cloud    |       |       |       |       |    12 |     2 |       |       ||    14
       Fulminant Prism   |       |       |       |       |     6 |     8 |       |       ||    14
       Lee's Rapid Decon |       |       |       |       |       |   195 |   607 |   201 ||  1003
       Fireball          |       |       |       |       |       |     8 |       |       ||     8
       Iskenderun's Batt |       |       |       |       |       |       |     4 |       ||     4
Evoke: Wand              |       |       |       |       |     2 |       |     1 |       ||     3
  Use: Scroll            |     3 |     2 |     2 |    20 |    14 |    12 |     5 |     6 ||    64
       Potion            |       |     1 |       |     1 |     2 |       |       |     6 ||    10
 Stab: Sleeping          |     3 |     5 |       |       |       |       |       |       ||     8
       Confused          |       |       |       |       |     1 |       |       |       ||     1
Armor: Robe              |    21 |     3 |       |       |       |       |       |       ||    24
       Leather armour    |       |    52 |    35 |       |     4 |       |       |       ||    91
       Acid dragon scale |       |       |     1 |   175 |    42 |       |       |       ||   218
       Chain mail        |       |       |       |    14 |   171 |       |       |       ||   185
       Pearl dragon scal |       |       |       |       |   186 |   667 |   265 |    39 ||  1157
       Steam dragon scal |       |       |       |       |       |       |       |    12 ||    12
Dodge: Dodged            |    43 |    83 |    32 |   160 |   174 |   247 |    98 |    38 ||   875
Block: Kite shield       |       |       |       |    39 |   333 |   427 |   216 |    44 ||  1059
       Other             |       |       |       |     2 |       |       |       |       ||     2
       Reflection        |       |       |       |       |       |    46 |    30 |     8 ||    84
